 Dungeon Crawl Stone Soup version 0.18-b1-10-g3f7de93 (webtiles) character file.

153 Freud the Slasher (level 5, -3/38 HPs)
             Began as a Formicid Skald on Apr 29, 2016.
             Killed from afar by Natasha (7 damage)
             ... with a wand of flame
             ... on level 3 of the Dungeon.
             The game lasted 01:35:30 (2417 turns).

Freud the Slasher (Formicid Skald)                  Turns: 2417, Time: 01:35:31

Health: -3/38      AC:  9    Str: 18    XL:     5   Next: 61%
Magic:  8/8        EV: 13    Int: 14    God:
Gold:   103        SH:  7    Dex: 14    Spells: 4 memorised, 0 levels left

rFire  . . .     SeeInvis +     b - +3 dagger
rCold  . . .     Gourm    .     o - +0 ring mail
rNeg   . . .     Faith    .     r - +0 shield
rPois  +         Spirit   .     (helmet unavailable)
rElec  .         Dismiss  .     (no cloak)
rCorr  .         Reflect  .     (no gloves)
SustAt .         Harm     .     (no boots)
MR     .....                    (no amulet)
Stlth  ++........               (no ring)
                                n - +3 ring of intelligence

@: agile, not resistant to hostile enchantments, unstealthy
A: permanent stasis, dig shafts and tunnels, four strong arms, antennae 3, rough
black scales 1, poison resistance
a: Dig, Shaft Self


You were on level 3 of the Dungeon.
You were not hungry.

You visited 1 branch of the dungeon, and saw 3 of its levels.

You collected 103 gold pieces.

Inventory:

Hand Weapons
 a - a +0 falchion
 b - a +3 dagger (weapon)
Missiles
 f - 32 poisoned needles
 i - 103 stones (quivered)
 l - 19 bolts
Armour
 o - a +0 ring mail (worn)
 r - a +0 shield (worn)
Jewellery
 n - a +3 ring of intelligence (left hand)
Scrolls
 e - 2 scrolls of magic mapping {unknown}
 g - a scroll of enchant armour {unknown}
 k - 2 scrolls of remove curse
 m - 3 scrolls of teleportation {unknown}
 q - a scroll of amnesia {unknown}
Potions
 h - a potion of agility
Books
 c - a book of Battle

   Spells                             Type                      Level
   a - Infusion                       Charms                       1
   b - Shroud of Golubria             Charms/Translocation         2
   c - Song of Slaying                Charms                       2
   d - Spectral Weapon                Hexes/Charms                 3
   e - Regeneration                   Charms/Necromancy            3
Comestibles
 d - 3 bread rations
 j - a meat ration
 p - a chunk of flesh


   Skills:
 + Level 2.2 Fighting
 - Level 5.3 Long Blades
 + Level 1.1 Armour
 + Level 0.8 Dodging
 + Level 0.5 Shields
 - Level 2.1 Spellcasting
 - Level 3.0 Charms


You couldn't memorise any spells.
You knew the following spells:

 Your Spells              Type           Power        Failure   Level  Hunger
a - Infusion              Chrm           #...         77%         1    #......
b - Song of Slaying       Chrm           #.......     92%         2    ###....
e - Regeneration          Chrm/Necr      #.........   100%        3    ###....
q - Shroud of Golubria    Chrm/Tloc      #.........   99%         2    ###....


Dungeon Overview and Level Annotations

Branches:
Dungeon (3/15)

Altars:

Annotations:
D:3 Natasha


Innate Abilities, Weirdness & Mutations

You are under a permanent stasis effect.
You can dig through walls and to a lower floor.
Your four strong arms can wield two-handed weapons with a shield.
You have a pair of large antennae on your head (SInv).
You are partially covered in rough black scales (AC +4, Dex -1).
Your system is resistant to poisons.


Message History

You resist with some effort.
You hit Natasha.
Natasha is almost dead.
You block Natasha's attack.
You miss Natasha.
Natasha is almost dead.
Natasha mumbles some strange words.
You feel disoriented.
Natasha drinks a potion.
Natasha is healed!
You closely miss Natasha.
Natasha is moderately wounded.
Natasha zaps a wand.
The puff of flame hits you!
You hit Natasha.
Natasha is severely wounded.
Natasha claws you.
* * * LOW HITPOINT WARNING * * *
You miss Natasha.
Natasha is severely wounded.
Natasha zaps a wand.
The puff of flame hits you!
You die...

#......... #.?.......###
..........+.. ##.........#.#
###............### ######.## #.
.................
........#.#.######..............†
........#.#.##.†@h..........<..##
........#.#.##.#####.....####..#.
........#.#.##.# #.....###...#.
........#.#.##.# ..........##.
...............## ####.........
.........)#.†...# #......##.
######.#........# #......##.
...###.#..##....########......#
##..................†..#......#


You could see Natasha.

Vanquished Creatures
  Natasha (twice) (D:3)
  4 adders
  2 worms (D:2)
  3 dart slugs
  11 goblins
  2 hobgoblins
  9 jackals
  4 kobolds
  A quokka (D:3)
  6 bats
  A giant newt (D:1)
  8 rats
53 creatures vanquished.

Notes
Turn   | Place    | Note
--------------------------------------------------------------
     0 | D:1      | Freud the Formicid Skald began the quest for the Orb.
     0 | D:1      | Reached XP level 1. HP: 16/16 MP: 3/3
   155 | D:1      | Reached XP level 2. HP: 17/22 MP: 5/5
   491 | D:1      | Reached skill level 3 in Long Blades
   567 | D:1      | Reached XP level 3. HP: 14/27 MP: 6/6
  1183 | D:2      | Reached skill level 4 in Long Blades
  1183 | D:2      | Reached XP level 4. HP: 12/33 MP: 7/7
  1188 | D:2      | Learned a level 3 spell: Regeneration
  1198 | D:2      | Learned a level 2 spell: Shroud of Golubria
  2238 | D:3      | Noticed Natasha
  2260 | D:3      | Killed Natasha
  2260 | D:3      | Reached skill level 5 in Long Blades
  2260 | D:3      | Reached XP level 5. HP: 36/38 MP: 6/8
  2288 | D:3      | Noticed Natasha
  2299 | D:3      | Killed Natasha
  2303 | D:3      | Learned a level 2 spell: Song of Slaying
  2399 | D:3      | Noticed Natasha
  2405 | D:3      | Gained mutation: Your system is resistant to poisons. [potion of mutation]
  2405 | D:3      | Gained mutation: You are partially covered in rough black scales (AC +4, Dex -1). [potion of mutation]
  2417 | D:3      | Killed from afar by Natasha

Skill      XL: |  1  2  3  4 |
---------------+-------------+-----
Long Blades    | 3 4 5 |  5.3
Fighting       | |  2.2
Armour         | |  1.1
Dodging        | |  0.8
Shields        | |  0.5
Spellcasting   | |  2.1
Charms         | |  3.0

Action                   |  1- 3 |  4- 6 || total
-------------------------+-------+-------++-------
Melee: Dagger            |    69 |   133 ||   202
       Falchion          |     1 |       ||     1
       Short sword       |    48 |       ||    48
Throw: Stone             |    34 |       ||    34
 Cast: Shroud of Golubri |       |     6 ||     6
  Use: Potion            |     1 |     2 ||     3
       Scroll            |     1 |       ||     1
  Eat: Chunk             |     1 |     5 ||     6
Armor: Leather armour    |    17 |       ||    17
       Ring mail         |    27 |    33 ||    60
Dodge: Dodged            |    64 |    52 ||   116
Block: Shield            |       |     4 ||     4
